 Dungeon Crawl Stone Soup version 0.30-a0-719-gcc4359ea44 (webtiles) character file.

Game seed: 15607455333200551617

4753 Newt the Basher (level 10, -3/78 HPs)
             Began as a Demonspawn Gladiator on Jan 26, 2023.
             Was a Follower of Makhleb.
             Slain by a hornet (7 damage)
             ... on level 7 of the Dungeon.
             The game lasted 00:10:07 (8469 turns).

Newt the Basher (Demonspawn Gladiator)              Turns: 8469, Time: 00:10:07

Health: -3/78      AC: 10    Str: 21 (22) XL:     10   Next: 23%
Magic:  14/14      EV: 17    Int: 10      God:    Makhleb [*.....]
Gold:   421        SH:  0    Dex: 11 (14) Spells: 9/9 levels left

rFire   . . .      SeeInvis +    n - +5 whip (flame)
rCold   + . .      Faith    .    (no shield)
rNeg    . . .      Spirit   .    G - +1 leather armour of Grace {Slay+3}
rPois   .          Reflect  .    c - +0 helmet
rElec   .          Harm     .    (no cloak)
rCorr   .          Rampage  .    h - +1 pair of gloves
Will    .....                    A - +0 pair of boots
Stlth   ++                       l - amulet of magic regeneration
HPRegen 0.33/turn                g - +5 ring of evasion
MPRegen 0.54/turn                p - ring of Juton {Drain rC+ Str+3 SInv}

@: lethally poisoned (-3 -> -10), flying, slowed, very slow
A: rugged brown scales 1, demonic magic 3, weakness stinger 1
a: Renounce Religion


You were on level 7 of the Dungeon.
You worshipped Makhleb.
Makhleb was aware of your devotion.
You visited 2 branches of the dungeon, and saw 9 of its levels.

You collected 509 gold pieces.
You spent 88 gold pieces at shops.

Inventory:

Hand Weapons
 a - a +0 rapier
 n - a +5 whip of flaming (weapon)
Missiles
 e - a javelin (quivered)
 q - 3 curare-tipped darts
 r - 5 boomerangs
 t - 13 poisoned darts
Armour
 b - a +0 leather armour
 c - a +0 helmet (worn)
 h - a +1 pair of gloves (worn)
 z - +0 swamp dragon scales
 A - a +0 pair of boots (worn)
 G - the +1 leather armour of Grace (worn) {Slay+3}
   (You found it on level 7 of the Dungeon)

   Slay:      It affects your accuracy & damage with ranged weapons and melee
   (+3).
Jewellery
 f - a ring of willpower
 g - a +5 ring of evasion (left hand)
 l - an amulet of magic regeneration (around neck)
 p - the ring of Juton (right hand) {Drain rC+ Str+3 SInv}
   (You found it on level 8 of the Dungeon)

   [ring of see invisible]

   Str:       It affects your strength (+3).
   rC:        It protects you from cold.
   SInv:      It lets you see invisible.
   Drain:     It drains your maximum health when unequipped.
 E - a +6 ring of dexterity
Wands
 x - a wand of quicksilver (4)
 y - a wand of iceblast (18)
 C - a wand of polymorph (19)
Scrolls
 i - a scroll of poison
 s - 3 scrolls of immolation
 u - 2 scrolls of enchant armour
 v - a scroll of blinking
 w - 3 scrolls of fog
 F - a scroll of amnesia
Potions
 j - 2 potions of mutation
 k - a potion of might
 m - 2 potions of degeneration
 o - 2 potions of brilliance


   Skills:
 - Level 6.0 Fighting
 - Level 2.6 Short Blades
 - Level 9.0 Maces & Flails
 - Level 4.0 Throwing
 - Level 4.0 Armour
 - Level 4.0 Dodging
 - Level 2.0 Stealth
 - Level 6.0 Invocations
 + Level 4.7 Evocations


You had 9 spell levels left.
You didn't know any spells.
Your spell library contained the following spells:

 Spells                   Type           Power      Damage    Failure   Level
 Alistair's Intoxication  Tmut/Pois      0%         N/A       100%        5
 Borgnjor's Vile Clutch   Necr/Erth      0%         N/A       100%        5
 Iskenderun's Battlesphe  Conj           0%         2d6       100%        5
 Eringya's Noxious Bog    Tmut/Pois      0%         N/A       100%        6
 Iron Shot                Conj/Erth      0%         9d1       100%        6
 Spellforged Servitor     Conj/Summ      0%         N/A       100%        7


Dungeon Overview and Level Annotations

Branches:
Dungeon (8/15)             Temple (1/1) D:6
   Lair: D:8-11

Altars:
Ashenzari
Cheibriados
Dithmenos
Fedhas
Gozag
Hepliaklqana
Makhleb
Nemelex Xobeh
Okawaru
Sif Muna
Uskayaw
Vehumet
Wu Jian
Xom
Yredelemnul

Shops:
D:3 !   D:8 :


Innate Abilities, Weirdness & Mutations

You are partially covered in rugged brown scales. (AC +1, +3% HP)
Spells you cast and wands you use may paralyse nearby enemies.
You have a small tail.


Message History

You throw a throwing net.
The throwing net completely misses the hornet.
The hornet closely misses you.
Throw: throwing net
Press: ? - help, Shift-Dir - straight line, f/p - hornet
Aim: a hornet (heavily wounded, 53% to hit)
You throw a throwing net. The throwing net misses the hornet.
The hornet stings you.
You are poisoned.
You feel as though you will be slow longer.
The hornet closely misses you.
Throw: 4 darts (curare)
Press: ? - help, Shift-Dir - straight line, f/p - hornet
Aim: a hornet (heavily wounded, 53% to hit)
You throw a curare-tipped dart.
The curare-tipped dart closely misses the hornet.
You feel very sick. The hornet stings you.
* * * LOW HITPOINT WARNING * * *
You are more poisoned.
You feel as though you will be slow longer.
The hornet closely misses you.
Throw: 5 boomerangs
Press: ? - help, Shift-Dir - straight line, f/p - hornet
Aim: a hornet (heavily wounded, 53% to hit)
You throw a boomerang. The boomerang hits the hornet!
The hornet is severely wounded.
* * * LOW HITPOINT WARNING * * *
You feel very sick. The hornet stings you.
* * * LOW HITPOINT WARNING * * *
You feel as though you will be slow longer.
The hornet barely misses you. x2
It was a potion of flight.
You feel very buoyant.
You fly up into the air.
* * * LOW HITPOINT WARNING * * *
You feel very sick. The hornet misses you. The hornet stings you!
You die...

............##.##..#...#####
.......####.##.###.....#
.......# #.##..###....###
.......# #.###..###.....#
.......####............#.#
.......#...............#.#
...........[)..........#.#
.......>.................###
.........(.....y@..........###
.[...............).....##....#
.....##...........#######.##.#
...............#### #..<)#
#######..####### ####.# ####
###


You could see a hornet.

Vanquished Creatures
  Pikel (D:5)
  Joseph (D:7)
  Maggie (D:6)
  Sigmund (D:6)
  A wyvern (D:5)
  2 steam dragons (D:7)
  6 water moccasins
  2 sky beasts (D:7)
  5 ogres
  2 lemures (D:5)
  2 centaurs
  3 phantoms
  A kobold brigand (D:5)
  2 scorpions
  2 necrophages (D:7)
  A gnoll sergeant (D:7)
  A wight (D:7)
  10 killer bees
  A howler monkey (D:6)
  A jelly (D:7)
  A gnoll bouda (D:8)
  5 hounds
  4 iguanas
  2 orc wizards (D:7)
  12 gnolls
  5 adders
  2 shadow imps
  2 white imps (D:6)
  3 ufetubi
  2 dart slugs
  8 orcs
  6 endoplasms
  A giant cockroach (D:1)
  4 hobgoblins
  4 jackals (D:1)
  6 kobolds (D:5)
  3 quokkas
  5 ball pythons
  3 bats
  5 goblins
  4 rats
133 creatures vanquished.

Notes
Turn   | Place    | Note
-------+----------+-------------------------------------------
     0 | D:1      | Newt the Demonspawn Gladiator began the quest for the Orb.
     0 | D:1      | Reached XP level 1. HP: 16/16 MP: 1/1
    90 | D:1      | Reached skill level 1 in Stealth
   226 | D:1      | Gained mutation: You have a small tail. [demonic ancestry]
   226 | D:1      | Reached XP level 2. HP: 22/22 MP: 2/2
   371 | D:1      | Found a faded altar of an unknown god.
   888 | D:2      | Reached XP level 3. HP: 28/28 MP: 3/3
  1605 | D:3      | Found Kifij's Distillery.
  1612 | D:3      | Bought a potion of might for 44 gold pieces
  1612 | D:3      | Bought a potion of brilliance for 44 gold pieces
  2066 | D:4      | Gained mutation: Spells you cast may paralyse adjacent
                  | enemies. [demonic ancestry]
  2066 | D:4      | Reached XP level 4. HP: 29/37 MP: 4/4
  2158 | D:4      | Reached skill level 1 in Maces & Flails
  2617 | D:4      | HP: 1/37 [killer bee (7)]
  2770 | D:3      | Reached skill level 2 in Maces & Flails
  2770 | D:3      | Reached XP level 5. HP: 32/42 MP: 5/5
  2780 | D:3      | Reached skill level 3 in Maces & Flails
  2976 | D:3      | Reached skill level 4 in Maces & Flails
  2976 | D:3      | Reached XP level 6. HP: 23/48 MP: 6/6
  3387 | D:5      | Entered Level 5 of the Dungeon
  3525 | D:5      | Noticed a water moccasin
  3534 | D:5      | Reached skill level 5 in Maces & Flails
  3534 | D:5      | Reached skill level 1 in Armour
  3542 | D:5      | Killed a water moccasin
  3543 | D:5      | Gained mutation: You are partially covered in rugged brown
                  | scales. (AC +1, +3% HP) [demonic ancestry]
  3543 | D:5      | Reached XP level 7. HP: 38/55 MP: 7/7
  3665 | D:5      | Noticed Pikel
  3700 | D:5      | Killed Pikel
  3701 | D:5      | Gained mutation: Spells you cast may paralyse nearby
                  | enemies. [demonic ancestry]
  3701 | D:5      | Reached XP level 8. HP: 13/62 MP: 8/8
  4215 | D:5      | Reached skill level 5 in Fighting
  4951 | D:5      | Reached skill level 6 in Maces & Flails
  5130 | D:6      | Found a staircase to the Ecumenical Temple.
  5139 | D:6      | Gained mutation: Spells you cast and wands you use may
                  | paralyse nearby enemies. [demonic ancestry]
  5139 | D:6      | Reached XP level 9. HP: 71/71 MP: 9/9
  5144 | Temple   | Entered the Ecumenical Temple
  5276 | Temple   | Became a worshipper of Makhleb the Destroyer
  5466 | D:6      | Noticed Maggie
  5485 | D:6      | Killed Maggie
  5486 | D:6      | Reached skill level 7 in Maces & Flails
  5715 | D:6      | Noticed Sigmund
  5721 | D:6      | Killed Sigmund
  5831 | D:6      | Reached skill level 8 in Maces & Flails
  6166 | D:7      | Noticed Joseph
  6353 | D:7      | Killed Joseph
  6608 | D:7      | Reached skill level 9 in Maces & Flails
  6608 | D:7      | Reached skill level 1 in Invocations
  7104 | D:7      | Reached skill level 5 in Invocations
  7527 | D:7      | Reached skill level 1 in Evocations
  7528 | D:7      | Identified the +1 leather armour of Grace {Slay+3}
  7546 | D:7      | Reached XP level 10. HP: 78/78 MP: 14/14
  7553 | D:7      | Reached * piety under Makhleb
  8047 | D:7      | Found a broken altar of Ashenzari.
  8366 | D:8      | Found Hutut's Book Shoppe.
  8387 | D:8      | Identified the ring of Juton {Drain rC+ Str+3 SInv}
  8469 | D:7      | Slain by a hornet

Illustrated notes

Levels and vault maps discovered:
D:1:      saegor_arrival_simple_d, layout_loops_cross,
          dreamdust_ecumenical_altar_angels_and_demons, serial_park_tiny_1,
          corexii_item_surrounded_by_moat, minivault_25
D:2:      layout_rooms, basic_altar, minmay_pentomino_u2
D:3:      layout_basic, serial_shops, nicolae_diamond_shop,
          nicolae_concentric_dashed_squares_wild
D:4:      nicolae_cairo_tiling_large_dashed, layout_loops_ring
D:5:      cheibrodos_thug_alley, layout_loops_ring,
          nicolae_overflow_hidden_temple, grunt_ministairs_2, st_stairs_3,
          chequers_serial_rivers_micro_c, dk_noncrumbling_3, uniq_pikel
D:6:      layout_gridville, minmay_temple_entry_drinking_statues, uniq_sigmund,
          uniq_maggie
D:7:      layout_rooms, mainiacjoe_overflow_six_doors_small,
          minmay_joined_circles, uniq_joseph
D:8:      layout_rooms, serial_shops, shop
Temple:   minmay_crystal_spiral_temple

Skill      XL: |  1  2  3  4  5  6  7  8  9 10 |
---------------+-------------------------------+-----
Stealth        | 1 2 |  2.0
Fighting       | 3 4 6 |  6.0
Maces & Flails | 2 4 5 6 9 |  9.0
Armour         | 2 4 |  4.0
Throwing       | 4 |  4.0
Dodging        | 4 |  4.0
Invocations    | 6 |  6.0
Evocations     | 1 4 |  4.7
Short Blades   | |  2.6

Action                     |  1- 3 |  4- 6 |  7- 9 | 10-12 || total
---------------------------+-------+-------+-------+-------++-------
  Melee: Rapier            |    66 |       |       |       ||    66
         Tailslap          |    12 |    10 |    46 |     6 ||    74
         Punch             |     2 |     1 |     4 |     3 ||    10
         Whip              |    19 |   105 |   313 |    65 ||   502
         Unarmed           |       |       |     1 |       ||     1
  Throw: Javelin           |       |     1 |     2 |       ||     3
         Throwing net      |       |     1 |     2 |     3 ||     6
         Dart              |       |       |       |     1 ||     1
         Boomerang         |       |       |       |     1 ||     1
    Use: Scroll            |     8 |     4 |     7 |     1 ||    20
         Potion            |       |     2 |     4 |     6 ||    12
   Stab: Sleeping          |     4 |     2 |     3 |       ||     9
         Held in net/web   |       |     1 |       |       ||     1
 Armour: Leather armour    |    17 |    29 |    34 |    20 ||   100
         Swamp dragon scal |       |       |    31 |       ||    31
  Dodge: Dodged            |    67 |   111 |   260 |    69 ||   507

Table legend: (Time is in decaauts)
 A = Elapsed time spent in this place.
 B = Non-inter-level travel time spent in this place.
 C = Inter-level travel time spent in this place.
 D = Time resting spent in this place.
 E = Time spent auto-exploring this place.
 F = Levels seen in this place.
 G = Mean time per level.
                   A        B        C        D        E       F      G
               +--------+--------+--------+--------+--------+-----+--------+
         Total |   8368 |   8057 |    311 |   2652 |   4182 |   9 |  929.8 |
       Dungeon |   8154 |   7929 |    225 |   2652 |   4070 |   8 | 1019.2 |
        Temple |    213 |    128 |     85 |      0 |    112 |   1 |  213.0 |
               +--------+--------+--------+--------+--------+-----+--------+

Top non-repeatable levels by time:
     D:5: 1628 daAuts
     D:7: 1620 daAuts
     D:6: 1404 daAuts
     D:3: 1226 daAuts
     D:4: 972 daAuts
     D:1: 759 daAuts
     D:2: 438 daAuts
  Temple: 213 daAuts
     D:8: 104 daAuts
